 Dungeon Crawl Stone Soup version 0.18-a0-1211-g828307d (webtiles) character file.

3859 krabocopter the Vexing (level 9, 72/72 HPs)
             Began as a Purple Draconian Monk on Feb 1, 2016.
             Was a Believer of Sif Muna.
             Quit the game on level 8 of the Dungeon on Feb 2, 2016.
             The game lasted 00:52:41 (9916 turns).

krabocopter the Vexing (Purple Draconian Monk)      Turns: 9916, Time: 00:52:41

Health: 72/72      AC:  9    Str: 14    XL:     9   Next: 99%
Magic:  16/18      EV: 20    Int: 14    God:    Sif Muna [**....]
Gold:   376        SH:  0    Dex: 15    Spells: 2 memorised, 16 levels left

rFire  . . .     SeeInvis .       - Unarmed
rCold  . . .     Gourm    .     (armour unavailable)
rNeg   + . .     Faith    .     (no shield)
rPois  .         Spirit   .     (helmet restricted)
rElec  .         Dismiss  .     j - +1 cloak
rCorr  .         Reflect  .     (no gloves)
SustAt .         Harm     .     (no boots)
MR     +....     Rnd*Rage +     K - amulet of regeneration
Stlth  +++.......               B - ring of positive energy
                                m - +5 ring of evasion

@: somewhat resistant to hostile enchantments, fairly stealthy
A: breathe power, unfitting armour, antennae 1, berserk 1, clever 1,
cold-blooded, AC +7
a: Breathe Dispelling Energy, Channel Energy, Forget Spell, Renounce Religion


You were on level 8 of the Dungeon.
You worshipped Sif Muna.
Sif Muna was pleased with you.
You were not hungry.

You visited 2 branches of the dungeon, and saw 10 of its levels.

You collected 376 gold pieces.

Inventory:

Hand Weapons
 b - a cursed +1 spear
 J - a +1 hand axe of electrocution
Armour
 j - a +1 cloak (worn)
Jewellery
 m - a +5 ring of evasion (left hand)
 B - a ring of positive energy (right hand)
 K - an amulet of regeneration (around neck)
Wands
 h - a wand of acid (5/15)
 C - a wand of acid (9/15)
 D - a wand of polymorph (16/24)
 I - a wand of teleportation (4/9)
Scrolls
 c - 2 scrolls of enchant weapon {unknown}
 d - 16 scrolls of identify
 e - a scroll of recharging {unknown}
 n - 2 scrolls of noise {unknown}
 p - 3 scrolls of remove curse
 x - 3 scrolls of amnesia
 E - a scroll of fear {unknown}
 G - a scroll of fog {unknown}
 H - a scroll of magic mapping
Potions
 i - 2 potions of curing {unknown}
 l - 2 potions of cure mutation {unknown}
 q - a potion of magic {unknown}
 r - a potion of flight {unknown}
 u - a potion of haste
 v - 2 potions of mutation
 w - 3 potions of brilliance {unknown}
 A - a potion of berserk rage
 F - a potion of heal wounds {unknown}
Books
 k - a book of the Sky

   Spells                             Type                      Level
   a - Summon Lightning Spire         Summoning/Air                4
   b - Airstrike                      Air                          4
   c - Silence                        Hexes/Air                    5
   d - Deflect Missiles               Charms/Air                   6
   e - Conjure Ball Lightning         Conjuration/Air              6
   f - Tornado                        Air                          9
 s - a book of Maledictions

   Spells                             Type                      Level
   a - Corona                         Hexes                        1
   b - Ensorcelled Hibernation        Hexes/Ice                    2
   c - Confuse                        Hexes                        3
   d - Tukima's Dance                 Hexes                        3
   e - Dazzling Spray                 Conjuration/Hexes            3
 t - a book of Enchantments

   Spells                             Type                      Level
   a - Cause Fear                     Hexes                        4
   b - Yara's Violent Unravelling     Hexes/Transmutation          5
   c - Silence                        Hexes/Air                    5
   d - Deflect Missiles               Charms/Air                   6
   e - Haste                          Charms                       6
   f - Discord                        Hexes                        8
Comestibles
 a - 3 bread rations
 f - 2 beef jerkies
 g - 6 meat rations
 o - a chunk of flesh


   Skills:
 + Level 4.7 Fighting
 - Level 6.2 Dodging
 - Level 6.1 Stealth
 - Level 6.1 Unarmed Combat
 - Level 6.6 Spellcasting
 - Level 7.8 Hexes
 - Level 3.3 Ice Magic


You had 16 spell levels left.
You knew the following spells:

 Your Spells              Type           Power        Failure   Level  Hunger
a - Ensorcelled Hibernat  Hex/Ice        ###...       2%          2    #......
b - Confuse               Hex            ####....     1%          3    ##.....


Dungeon Overview and Level Annotations

Branches:
Dungeon (9/15)             Temple (1/1) D:7
   Lair: D:8-11         Orc: D:9-12

Altars:
Ashenzari
Cheibriados
Dithmenos
Elyvilon
Fedhas
Gozag
Kikubaaqudgha
Makhleb
Nemelex Xobeh
Okawaru
Pakellas
Qazlal
Sif Muna
Trog
Vehumet
Xom
Yredelemnul
Zin
The Shining One

Shops:
D:6 (   D:9 :

Annotations:
D:7 dvd's ghost, novice OgBe
D:9 Maurice


Innate Abilities, Weirdness & Mutations

You can breathe bolts of dispelling energy.
Your rich purple scales are hard (AC +7).
Your body does not fit into most forms of armour.
You are cold-blooded and may be slowed by cold attacks.
You have a pair of small antennae on your head.
You tend to lose your temper in combat.
Your mind is acute. (Int +2)


Message History

a giant spiked club; an arrow; an ogre corpse You butcher the ogre corpse.
o - 2 chunks of flesh
Things that are here:
a giant spiked club; an arrow Eat one of 2 chunks of flesh? (ye/n/q/i?) This raw flesh tastes terrible.
You continue eating. x2
Things that are here:
a flail; 13 arrows; an uncursed shortbow You start resting.
HP restored.
Okay, then.
Save game and exit?
Welcome back, krabocopter the Purple Draconian Monk.
Sif Muna whispers: I know many secrets...
Press ? for a list of commands and other information.
Quiver which item? (- for none, * to show all) (? for menu, Esc to quit)
Okay, then.
Are you sure you want to abandon this character and quit the game? (Confirm with "yes".)

#.###........# #.........#
########.##.>...##..# #.#########
....................###.#
.####...##...........##.#
.####...##.#.........##.#########
.##...................#..........
..............................#.#
.##...................#..####.#.#
.###............@.....#..# #.#.#
.# #....##..(#(.......#..####.#..
.# #.#####...##.#>............##.
.# #.# #...##.##)##.#..####.#..
.###.#####...##.##.##.#..##...###
.............##.##.#.....##.#.#E#
>.##.######.....()(...<.###..####
#.##.# #..##.###......##.#....
#.##.######.###.# #(#.#.###......


There were no monsters in sight!

Vanquished Creatures
  Pikel (D:7)
  Psyche (D:8)
  A wyvern (D:7)
  2 phantoms
  2 black bears
  4 centaurs
  4 ogres
  A giant frog (D:6)
  2 scorpions
  5 wights (D:6)
  2 quasits (D:8)
  3 hounds
  3 gnoll shamans
  An orc priest (D:5)
  5 orc wizards
  A giant frog skeleton (D:6)
  Terence (D:3)
  7 iguanas
  5 worker ants
  A worker ant zombie (D:6)
  56 gnolls
  8 adders
  2 shadow imps
  An ooze (D:3)
  2 worms
  An adder skeleton (D:5)
  6 giant geckos
  31 orcs
  4 giant cockroaches
  8 goblins
  7 hobgoblins
  20 jackals
  11 kobolds
  3 quokkas
  A ball python skeleton (D:4)
  6 bats
  A giant gecko skeleton (D:4)
  11 giant newts
  A jackal skeleton (D:5)
  5 rats
  A spectral orc (D:3)
238 creatures vanquished.

Vanquished Creatures (others)
  2 slaves (D:7)
  A killer bee zombie (D:7)
  2 orcs (D:7)
  A plant (D:5)
6 creatures vanquished.

Grand Total: 244 creatures vanquished

Notes
Turn   | Place    | Note
--------------------------------------------------------------
     0 | D:1      | krabocopter the Draconian Monk began the quest for the Orb.
     0 | D:1      | Reached XP level 1. HP: 19/19 MP: 1/1
   298 | D:1      | Reached XP level 2. HP: 24/26 MP: 2/2
   941 | D:2      | Reached skill level 5 in Unarmed Combat
   941 | D:2      | Reached XP level 3. HP: 29/31 MP: 3/3
  1562 | D:3      | Noticed Terence
  1581 | D:3      | Killed Terence
  1581 | D:3      | Reached XP level 4. HP: 26/38 MP: 4/4
  1839 | D:3      | Reached skill level 6 in Unarmed Combat
  1857 | D:3      | Reached XP level 5. HP: 19/45 MP: 5/5
  2242 | D:3      | Found a basalt altar of Yredelemnul.
  2463 | D:4      | Learned a level 2 spell: Ensorcelled Hibernation
  2604 | D:4      | Reached skill level 1 in Spellcasting
  2604 | D:4      | Reached skill level 1 in Hexes
  2704 | D:4      | Reached XP level 6. HP: 29/51 MP: 8/8
  3315 | D:5      | Entered Level 5 of the Dungeon
  3505 | D:5      | Found a sand-covered staircase.
  3567 | D:5      | Reached XP level 7. HP: 51/57 MP: 12/12
  3567 | D:5      | Your scales start taking on a rich purple colour.
  3708 | D:5      | Gained mutation: You tend to lose your temper in combat. [potion of mutation]
  3708 | D:5      | Gained mutation: Your mind is acute. (Int +2) [potion of mutation]
  3708 | D:5      | Gained mutation: You have a pair of small antennae on your head. [potion of mutation]
  4076 | D:5      | Reached skill level 5 in Hexes
  4190 | D:5      | Reached skill level 5 in Spellcasting
  4675 | D:5      | Reached XP level 8. HP: 53/63 MP: 12/16
  5059 | D:5      | Noticed a white ugly thing
  5604 | D:5      | Reached skill level 7 in Hexes
  6410 | D:6      | Reached skill level 1 in Ice Magic
  6481 | D:6      | Reached XP level 9. HP: 70/70 MP: 18/18
  7134 | D:6      | Found Jaunoex's Weapon Emporium.
  7234 | D:7      | Found a staircase to the Ecumenical Temple.
  7247 | Temple   | Entered the Ecumenical Temple
  7311 | Temple   | Became a worshipper of Sif Muna the Loreminder
  7311 | Temple   | Reached * piety under Sif Muna
  7311 | Temple   | Reached ** piety under Sif Muna
  7444 | D:7      | Noticed Pikel
  7485 | D:7      | Killed Pikel
  7485 | D:7      | Reached skill level 5 in Dodging
  7485 | D:7      | Reached skill level 5 in Stealth
  7663 | D:7      | Noticed dvd's ghost (novice OgBe)
  7736 | D:7      | Learned a level 3 spell: Confuse
  7925 | D:7      | Upgraded the game from 0.18-a0-1203-gbde16db to 0.18-a0-1211-g828307d
  8037 | D:7      | HP: 3/70 [orc warrior/dire flail (11)]
  8566 | D:8      | Found a stormy altar of Qazlal.
  8812 | D:8      | Found a white marble altar of Elyvilon.
  8879 | D:8      | Noticed Psyche
  8969 | D:8      | Killed Psyche
  9460 | D:9      | Noticed Maurice
  9784 | D:9      | Noticed a hill giant
  9842 | D:9      | Found Ireur's Book Shoppe.
  9916 | D:8      | Quit the game

Vault maps used:
D:1:      lightli_arrival_isolated_outpost
D:2:      serial_bayou_pond_c
D:3:      yredelemnul_forgotten_temple_becter, uniq_terence
D:4:      st_stairs_11, minmay_quantized
D:5:      lemuel_castle_with_subvaults, enter_ossuary_1, first_bread,
          corexii_leaking_fountain
D:6:      serial_shops, nicolae_shop_crystal, serial_co_window_serial,
          co_window_of_opportunity_a, co_window_cross_1, co_window_paths_b,
          co_window_paths_b, co_window_corner_a, co_window_corner_a,
          co_window_cross_1, co_window_of_opportunity_b, co_window_2corner,
          co_window_broadway_b, co_window_cross_4, co_window_of_opportunity_b,
          co_window_paths_c, co_window_paths_c, minmay_crystal_room
D:7:      minmay_temple_entry_statues_pillars, the_bakery, uniq_pikel
D:8:      nicolae_overflow_crystal_walls, nicolae_qazlal_style_of_elements,
          kennysheep_minor_cross, uniq_psyche
D:9:      marbit_many_paths, serial_shops, shop, uniq_maurice
Temple:   nicolae_temple_x_marks_the_god_16

Action                   |  1- 3 |  4- 6 |  7- 9 || total
-------------------------+-------+-------+-------++-------
Melee: Unarmed           |   106 |   226 |   852 ||  1184
       Short sword       |    27 |       |       ||    27
 Cast: Ensorcelled Hiber |       |     1 |    79 ||    80
       Confuse           |       |       |    20 ||    20
  Use: Scroll            |     6 |       |     6 ||    12
       Potion            |     1 |     1 |     1 ||     3
 Stab: Sleeping          |     2 |     6 |    41 ||    49
       Distracted        |       |     1 |       ||     1
       Confused          |       |       |     6 ||     6
  Eat: Chunk             |     2 |     8 |    25 ||    35
       Pizza             |       |       |     1 ||     1
       Beef jerky        |       |       |     1 ||     1
